 Dungeon Crawl Stone Soup version 0.31-a0-232-gb1c03b2570 (webtiles) character file.

Game seed: 16294254834624546963

131 qw the Shooter (level 5, -1/30 HPs)
             Began as a Gargoyle Hexslinger on July 7, 2023.
             Hit by a stone thrown by a goblin (2 damage)
             ... on level 3 of the Dungeon.
             The game lasted 00:00:48 (1915 turns).

qw the Shooter (Gargoyle Hexslinger)                Turns: 1915, Time: 00:00:49

Health: -1/30      AC:  7    Str: 12    XL:     5   Next: 14%
Magic:  6/6        EV: 11    Int: 13    God:
Gold:   47         SH:  0    Dex: 14    Spells: 5/6 levels left

rFire   . . .        Y - +1 sling
rCold   . . .        (no shield)
rNeg    + . .        k - +0 leather armour
rPois   inf          (no helmet)
rElec   +            (no cloak)
rCorr   .            (no gloves)
SInv    .            (no boots)
Will    .....        (no amulet)
Stlth   +            (no ring)
HPRegen 0.25/turn    (no ring)
MPRegen 0.10/turn

%: no passive effects
@: no status effects
A: sickness immunity, AC +4, negative energy resistance 1, electricity
resistance, torment resistance 1, petrification resistance
a: no special abilities


You were on level 3 of the Dungeon.
You visited 1 branch of the dungeon, and saw 3 of its levels.

You collected 159 gold pieces.
You spent 112 gold pieces at shops.


Innate Abilities, Weirdness & Mutations

You are immune to sickness and miasma.
Your stone body is resilient. (AC +4)
You are immune to poison.
You resist negative energy. (rN+)
You are resistant to electric shocks. (rElec)
You are resistant to unholy torment.
You are immune to petrification.


   Skills:
 - Level 2.0 Fighting
 + Level 4.9 Ranged Weapons
 - Level 1.5 Dodging
 - Level 1.0 Spellcasting
 - Level 2.6 Hexes


You had 5 spell levels left.
You knew the following spells:

 Your Spells              Type           Power      Damage    Failure   Level
a - Slow                  Hex            28%        N/A       12%         1

Your spell library contained the following spells:

 Spells                   Type           Power      Damage    Failure   Level
 Inner Flame              Hex/Fire       4%         N/A       52%         3
 Portal Projectile        Hex/Tloc       8%         N/A       52%         3
 Cause Fear               Hex            3%         N/A       75%         4

Inventory:

Hand Weapons
 Y - a +1 sling (weapon)
Armour
 k - a +0 leather armour (worn)
Scrolls
 a - 3 scrolls of identify
 c - 2 scrolls of enchant armour
Potions
 b - 2 potions of curing {unknown}
 d - a potion of mutation {unknown}
 f - a potion of enlightenment
 h - a potion of cancellation
 l - a potion of haste {unknown}

Dungeon Overview and Level Annotations

Branches:
Dungeon (3/15)

Altars:
Cheibriados

Shops:
D:2 !

Annotations:
D:3 exclusion: gnoll


Message History

The orc hits you with a +0 flail.
The orc priest looks satisfied for a moment.
Something hits you but does no damage.
You shoot a sling bullet. The sling bullet hits the orc priest!
The orc priest is heavily wounded.
The orc hits you with a +0 flail. The orc priest hits you with a +0 club.
Something hits you but does no damage.
You shoot a sling bullet.
The sling bullet barely misses the orc priest.
The orc barely misses you. The orc priest barely misses you.
You hear some strange, mumbled words.
A puff of flame appears from out of thin air!
The puff of flame misses you. The orc misses you.
Something hits you but does no damage.
The orc priest begins to cast a cantrip, but forgets the words!
You shoot a sling bullet. The sling bullet hits the orc priest!
The orc priest is almost dead.
The orc hits you with a +0 flail. The orc priest hits you with a +0 club.
Something hits you but does no damage.
You shoot a sling bullet.
The sling bullet barely misses the orc priest.
The orc hits you with a +0 flail.
The orc priest hits you but does no damage.
Something barely misses you.
A goblin comes into view. It is wielding a +0 hand axe.
You shoot a sling bullet.
The sling bullet barely misses the orc priest.
The goblin shouts!
The orc barely misses you. The orc priest misses you. Something hits you.
The goblin throws a stone.
The stone hits you but does no damage.
You shoot a sling bullet. The sling bullet hits the orc priest!
You kill the orc priest!
Something hits you but does no damage. The orc closely misses you.
Something hits you but does no damage. The orc hits you but does no damage.
You have reached level 5!
You shoot a sling bullet. The sling bullet hits the orc.
The orc is lightly wounded.
Something hits you but does no damage. The orc hits you with a +0 flail.
The goblin throws a stone.
The stone hits you.
You die...

## #.#...#.##.......#.#
#.....######.#.#.#
#.#.....# #.#.#.#
#.......# #.....###
######.#### ###.....# #
#.......##########.######
#..#.#..#.....# #.......
#..#.#..#o....# ########
#.......@{....#
#.......#)....#
#..#.#..#.....#
........#...###
.#..####g#.### ... #.#.#
.. ..#.# ###.#


You could see an orc and a goblin.

Vanquished Creatures
  An orc priest (D:3)
  4 gnolls
  An adder (D:3)
  A dart slug (D:1)
  2 orcs (D:3)
  A ball python (D:2)
  4 bats
  5 endoplasms
  4 giant cockroaches
  2 goblins
  5 hobgoblins
  7 jackals
  2 kobolds
  A frilled lizard (D:2)
  8 rats
48 creatures vanquished.

Notes
Turn   | Place    | Note
-------+----------+-------------------------------------------
     0 | D:1      | qw the Gargoyle Hexslinger began the quest for the Orb.
     0 | D:1      | Reached XP level 1. HP: 12/12 MP: 2/2
     0 | D:1      | 0 ||| qw: Version: 0.3-a-46-gb1f654a
     0 | D:1      | 0 ||| qw: Game counter: 2910
     0 | D:1      | 0 ||| qw: Melee chars always use a shield: true
     0 | D:1      | 0 ||| qw: God list: Okawaru
     0 | D:1      | 0 ||| qw: Allow faded altars: false
     0 | D:1      | 0 ||| qw: Do Orc after clearing Dungeon:15 true
     0 | D:1      | 0 ||| qw: Do second Lair branch before Depths: true
     0 | D:1      | 0 ||| qw: Lair rune preference: random
     0 | D:1      | 0 ||| qw: Goals: Normal
     0 | D:1      | 0 ||| PLANNING D:1-11
   124 | D:1      | Reached XP level 2. HP: 16/16 MP: 3/3
   359 | D:1      | Reached skill level 3 in Ranged Weapons
   867 | D:1      | 867 ||| UPGRADING to +0 leather armour.
   877 | D:1      | 877 ||| DROPPING +0 robe.
   878 | D:1      | 878 ||| DROPPING +6 ring of intelligence.
   879 | D:1      | 879 ||| READING 2 scrolls labelled PIF UN LIUJ.
   880 | D:1      | 880 ||| READING 3 scrolls labelled AMUPE RUQ XUSS.
   981 | D:1      | 981 ||| READING scroll labelled FULAEGR XOMNI.
   982 | D:1      | 982 ||| READING scroll labelled OXKIOJE EPSEOG.
   983 | D:1      | 983 ||| READING scroll labelled JUOWNAU JETITU.
   984 | D:1      | 984 ||| DRINKING 2 sedimented white potions.
   985 | D:1      | 985 ||| DROPPING scroll of poison.
   986 | D:1      | 986 ||| DROPPING 2 scrolls of silence.
   987 | D:1      | 987 ||| DROPPING potion of invisibility.
  1089 | D:2      | Reached XP level 3. HP: 20/21 MP: 4/4
  1161 | D:2      | Found Quysasoa's Distillery.
  1381 | D:2      | 1381 ||| SHOPLISTING 2 potions of resistance (280 gold,
                  | have 150).
  1381 | D:2      | 1381 ||| BUYING potion of cancellation (112 gold).
  1381 | D:2      | Bought a potion of cancellation for 112 gold pieces
  1381 | D:2      | 1381 ||| SHOPLISTING potion of curing (42 gold, have 38).
  1381 | D:2      | 1381 ||| SHOPLISTING potion of heal wounds (70 gold, have
                  | 38).
  1387 | D:2      | 1387 ||| DROPPING scarf of shadows.
  1388 | D:2      | 1388 ||| READING scroll labelled YBLUCUXE NODO.
  1389 | D:2      | 1389 ||| READING 5 scrolls of identify.
  1389 | D:2      | 1389 ||| IDENTIFYING coppery potion
  1390 | D:2      | 1390 ||| READING 4 scrolls of identify.
  1390 | D:2      | 1390 ||| IDENTIFYING smoky sapphire potion
  1391 | D:2      | 1391 ||| READING 3 scrolls of identify.
  1391 | D:2      | 1391 ||| IDENTIFYING sapphire potion
  1392 | D:2      | 1392 ||| READING 2 scrolls of identify.
  1392 | D:2      | 1392 ||| IDENTIFYING dark potion
  1393 | D:2      | 1393 ||| DROPPING potion of brilliance.
  1394 | D:2      | 1394 ||| DROPPING potion of attraction.
  1395 | D:2      | 1395 ||| DROPPING potion of lignification.
  1497 | D:3      | Reached XP level 4. HP: 17/26 MP: 5/5
  1504 | D:3      | Reached skill level 4 in Ranged Weapons
  1505 | D:3      | 1505 ||| FLEEEEING.
  1508 | D:3      | 1508 ||| FLEEEEING.
  1509 | D:3      | 1509 ||| FLEEEEING.
  1510 | D:3      | 1510 ||| FLEEEEING.
  1520 | D:3      | 1520 ||| FLEEEEING.
  1521 | D:3      | 1521 ||| FLEEEEING.
  1522 | D:3      | 1522 ||| FLEEEEING.
  1523 | D:3      | 1523 ||| FLEEEEING.
  1524 | D:3      | 1524 ||| FLEEEEING.
  1525 | D:3      | 1525 ||| FLEEEEING.
  1526 | D:3      | 1526 ||| FLEEEEING.
  1527 | D:3      | 1527 ||| FLEEEEING.
  1528 | D:3      | 1528 ||| FLEEEEING.
  1529 | D:3      | 1529 ||| FLEEEEING.
  1536 | D:3      | 1536 ||| STAIRDANCE
  1572 | D:3      | 1572 ||| STAIRDANCE
  1735 | D:3      | Found a snail-covered altar of Cheibriados.
  1911 | D:3      | HP: 4/26 [orc priest/+0 club (3)]
  1912 | D:3      | HP: 1/26 [orc/+0 flail (3)]
  1915 | D:3      | Reached XP level 5. HP: 1/30 MP: 6/6
  1915 | D:3      | Hit by a stone thrown by a goblin

Levels and vault maps discovered:
D:1:      lightli_iron_boxes, layout_basic, minmay_gold_behind_fungi,
          minivault_11
D:2:      layout_rooms, serial_shops, nicolae_shop_tiny_glass
D:3:      layout_loops_cross, lemuel_crystal_altar, elyvilon_altar_1,
          uniq_grinder

Skill      XL: |  1  2  3  4 |
---------------+-------------+-----
Ranged Weapons | 3 4 |  4.9
Fighting       | 2 |  2.0
Dodging        | |  1.5
Spellcasting   | |  1.0
Hexes          | |  2.6

Action                     |  1- 3 |  4- 6 || total
---------------------------+-------+-------++-------
   Fire: Sling             |    99 |    53 ||   152
    Use: Scroll            |    10 |       ||    10
         Potion            |     1 |       ||     1
 Armour: Robe              |     8 |       ||     8
         Leather armour    |    21 |    20 ||    41
  Dodge: Dodged            |    51 |    25 ||    76

Table legend:
 A = Non-vault XP
 B = Vault XP
 C = Vault XP percentage of total XP
 D = Non-vault monster count
 E = Vault monster count
 F = Vault count percentage of total count
                 A         B        C        D         E       F
            +---------+---------+-------+---------+---------+-------
      Total |     188 |       0 |   0.0 |      48 |       0 |   0.0
            +---------+---------+-------+---------+---------+-------
        D:1 |      28 |       0 |   0.0 |      14 |       0 |   0.0
        D:2 |      45 |       0 |   0.0 |      19 |       0 |   0.0
        D:3 |     115 |       0 |   0.0 |      15 |       0 |   0.0
            +---------+---------+-------+---------+---------+-------
